 Dungeon Sprint DCSS version 0.21.2 (webtiles) character file.

13094 Fang the Severer (level 12, -7/90 HPs)
             Began as a Gargoyle Berserker on Oct 3, 2018.
             Was the Champion of Trog.
             Mangled by an ettin
             ... wielding a +0 dire flail
              (32 damage)
             ... in the Dungeon (Sprint IX: "|||||||||||||||||||||||||||||").
             The game lasted 00:06:41 (2144 turns).

Fang the Severer (Gargoyle Berserker)               Turns: 2144, Time: 00:06:42

Health: -7/90      AC: 18    Str: 26    XL:     12   Next: 2%
Magic:  9/12       EV: 16    Int: 11    God:    Trog [******]
Gold:   600        SH:  0    Dex: 12    Spells: 11/11 levels left

rFire    . . .     SeeInvis .   y - +1 battleaxe "Feuri" {venom, *Noise +Blink rN+}
rCold    . . .     Gourm    .   (shield currently unavailable)
rNeg     + + .     Faith    .   p - +2 ring mail
rPois    ∞         Spirit   .   (no helmet)
rElec    +         Reflect  .   (no cloak)
rCorr    .         Harm     .   (no gloves)
MR       .....     NoTele   +   (no boots)
Stlth    ++........             (no amulet)
HPRegen  0.25/turn              n - +3 ring of intelligence
MPRegen  0.13/turn              o - +3 ring of dexterity

@: berserk cooldown, slowed, very slow
A: negative energy resistance 1, electricity resistance, unbreathing,
petrification resistance, rot immunity, AC +8
a: Berserk, Trog's Hand, Brothers in Arms, Burn Spellbooks, Renounce Religion,
Evoke Blink


You were in the Dungeon.
You worshipped Trog.
Trog was exalted by your worship.
You were hungry.

You visited 1 branch You collected 600 gold pieces.

Inventory:

Hand Weapons
 m - a +3 war axe of flaming
 w - a +3 antimagic battleaxe
 x - a +0 antimagic executioner's axe
 y - the +1 battleaxe "Feuri" (weapon) {venom, *Noise +Blink rN+}
   (Trog gifted it to you in the Dungeon)

   It poisons the flesh of those it strikes.
   It protects you from negative energy.
   It lets you blink.
   It may make noises in combat.
Armour
 p - a +2 ring mail (worn)
Jewellery
 n - a +3 ring of intelligence (left hand)
 o - a +3 ring of dexterity (right hand)
Wands
 l - a wand of acid (10)
 t - a wand of iceblast (7)
Scrolls
 i - 4 scrolls of blinking
 k - 3 scrolls of remove curse
 r - 2 scrolls of fog
 u - a scroll of fear
 v - 2 scrolls of enchant armour
Potions
 a - 2 potions of resistance
 b - a potion of might
 d - 5 potions of curing
 e - 5 potions of heal wounds
 f - a potion of haste
 g - 4 potions of magic
 h - a potion of berserk rage
 j - a potion of invisibility
 q - a potion of brilliance
Comestibles
 c - 12 rations
 s - 3 chunks of flesh


   Skills:
 + Level 16.7 Fighting
 + Level 17.8 Axes
 + Level 11.1 Armour
 + Level 9.5 Dodging
 + Level 3.5 Stealth


You had 11 spell levels left.
You didn't know any spells.

Dungeon Overview and Level Annotations

Branches:
Dungeon (1/1)

Altars:
Cheibriados
Dithmenos
Elyvilon
Fedhas
Gozag
Hepliaklqana
Kikubaaqudgha
Makhleb
Nemelex Xobeh
Okawaru
Qazlal
Ru
Sif Muna
Trog
Uskayaw
Vehumet
Wu Jian
Xom
Yredelemnul
Zin
The Shining One
Beogh
Jiyva
Lugonu

Shops:
D *[!


Innate Abilities, Weirdness & Mutations

You are resistant to torment.
Your stone body is resilient. (AC +8)
You are immune to poison.
You resist negative energy. (rN+)
You are resistant to electric shocks. (rElec)
You can survive without breathing.
You are immune to petrification.
You are immune to rotting.


Message History

You slash the deep troll!
You kill the deep troll!
Trog accepts your kill.
You have reached level 12!
Your experience leads to an increase in your attributes!
Your base attributes are Str 24, Int 8, Dex 9.
Increase (S)trength, (I)ntelligence, or (D)exterity?
You feel stronger. x2
You are no longer berserk.
Trog's vigour flows through your veins.
You are exhausted.
You feel as though you will be slow longer.
You completely miss the ettin. The ettin completely misses you.
The ettin hits you with a dire flail!!
* * * LOW HITPOINT WARNING * * *
Unknown command.
You slice the ettin!!
The ettin is poisoned.
The ettin is moderately wounded.
The ettin misses you. The ettin hits you with a dire flail!!
You die...

_____________'.?|([[[..')))..()).
▓▓▓▓▓▓▓▓▓▓▓▓▓▓▓▓▓▓▓▓▓▓▓▓▓▓▓▓▓▓▓▓▓
.................................
▓▓▓▓▓▓▓▓▓▓▓▓▓▓▓▓▓▓▓▓▓▓▓▓▓▓▓▓▓▓▓▓▓
†..'.........'.........[(('..[[[[
▓▓▓▓▓▓▓▓▓▓▓▓▓▓▓▓▓▓▓▓▓▓▓▓▓▓▓▓▓▓▓▓▓
.................................
▓▓▓▓▓▓▓▓▓▓▓▓▓▓▓▓▓▓▓▓▓▓▓▓▓▓▓▓▓▓▓▓▓
))))))).)...))))@CTT∩$∩$
▓▓▓▓▓▓▓▓▓▓▓▓▓▓▓▓▓▓▓▓▓▓▓▓


You could see an ettin, a deep troll and a troll.

Vanquished Creatures
  A rakshasa (D)
  2 hydras (D)
  A centaur warrior (D)
  4 ogre magi (D)
  2 deep trolls (D)
  An orc knight (D)
  3 lindwurms (D)
  An elephant (D)
  2 spiny frogs (D)
  A troll (D)
  2 tyrant leeches (D)
  3 hippogriffs (D)
  A wyvern (D)
  A yak (D)
  2 water moccasins (D)
  4 orc warriors (D)
  An ogre (D)
  A centaur (D)
  A bullfrog (D)
  2 jellies (D)
  3 orc priests (D)
  3 orc wizards (D)
  An iguana (D)
  An adder zombie (D)
  2 oozes (D)
  3 worms (D)
  A leopard gecko (D)
  7 orcs (D)
  A goblin (D)
  A jackal (D)
  A frilled lizard (D)
  A rat (D)
61 creatures vanquished.

Vanquished Creatures (collateral kills)
  A death yak (D)
  An orc sorcerer (D)
  A torpor snail (D)
  A komodo dragon (D)
  A blink frog (D)
  2 yaks (D)
  7 orc warriors (D)
  A black bear (D)
  A bullfrog (D)
  An orc priest (D)
  An orc wizard (D)
  An orc (D)
19 creatures vanquished.

Grand Total: 80 creatures vanquished

Notes
Turn   | Place    | Note
-------+----------+-------------------------------------------
     0 | D        | Fang the Gargoyle Berserker began the quest for the Orb.
     0 | D        | Reached XP level 1. HP: 14/14 MP: 1/1
     5 | D        | Reached skill level 3 in Axes
    11 | D        | Reached ** piety under Trog
    11 | D        | Reached XP level 2. HP: 20/20 MP: 2/2
    27 | D        | Reached *** piety under Trog
    29 | D        | Reached skill level 5 in Fighting
    29 | D        | Reached skill level 4 in Axes
    29 | D        | Reached XP level 3. HP: 26/26 MP: 3/3
    33 | D        | Reached **** piety under Trog
    33 | D        | Reached skill level 5 in Axes
    33 | D        | Reached XP level 4. HP: 30/32 MP: 4/4
   139 | D        | Found a roughly hewn altar of Beogh.
   139 | D        | Found a snail-covered altar of Cheibriados.
   139 | D        | Found a shadowy altar of Dithmenos.
   139 | D        | Found a white marble altar of Elyvilon.
   139 | D        | Found a blossoming altar of Fedhas.
   139 | D        | Found an opulent altar of Gozag.
   140 | D        | Found a hazy altar of Hepliaklqana.
   141 | D        | Found a viscous altar of Jiyva.
   142 | D        | Found an ancient bone altar of Kikubaaqudgha.
   143 | D        | Found a corrupted altar of Lugonu.
   144 | D        | Found a burning altar of Makhleb.
   145 | D        | Found a sparkling altar of Nemelex Xobeh.
   146 | D        | Found an iron altar of Okawaru.
   147 | D        | Found a stormy altar of Qazlal.
   148 | D        | Found a sacrificial altar of Ru.
   149 | D        | Found a deep blue altar of Sif Muna.
   150 | D        | Found a bloodstained altar of Trog.
   151 | D        | Found a hide-covered altar of Uskayaw.
   152 | D        | Found a radiant altar of Vehumet.
   153 | D        | Found an ornate altar of the Wu Jian Council.
   154 | D        | Found a shimmering altar of Xom.
   155 | D        | Found a basalt altar of Yredelemnul.
   156 | D        | Found a glowing silver altar of Zin.
   157 | D        | Found a glowing golden altar of the Shining One.
   204 | D        | Noticed a centaur
   204 | D        | Noticed a wyvern
   204 | D        | Noticed an ogre
   207 | D        | Killed a centaur
   207 | D        | Reached skill level 6 in Axes
   207 | D        | Reached XP level 5. HP: 38/38 MP: 5/5
   208 | D        | Reached skill level 7 in Axes
   213 | D        | Killed a wyvern
   213 | D        | Reached skill level 8 in Axes
   213 | D        | Reached XP level 6. HP: 43/46 MP: 6/6
   214 | D        | Reached skill level 5 in Armour
   215 | D        | Reached ***** piety under Trog
   221 | D        | Reached skill level 9 in Axes
   221 | D        | Reached XP level 7. HP: 14/52 MP: 7/7
   430 | D        | Noticed a centaur warrior
   430 | D        | Noticed a rakshasa
   430 | D        | Noticed a yak
   430 | D        | Noticed a hippogriff
   437 | D        | Killed a centaur warrior
   437 | D        | Reached skill level 11 in Axes
   437 | D        | Reached XP level 8. HP: 60/60 MP: 8/8
   444 | D        | Killed a rakshasa
   444 | D        | Reached skill level 12 in Axes
   444 | D        | Reached XP level 9. HP: 40/65 MP: 9/9
   772 | D        | Received a gift from Trog
   794 | D        | Noticed a spiny frog
   794 | D        | Noticed a seven-headed hydra
   800 | D        | Noticed a komodo dragon
   800 | D        | Killed a spiny frog
   800 | D        | Reached ****** piety under Trog
   805 | D        | Reached skill level 13 in Axes
   812 | D        | Killed a 12-headed hydra
   812 | D        | Reached XP level 10. HP: 73/73 MP: 3/10
   818 | D        | Noticed a death yak
   823 | D        | Killed a death yak
   823 | D        | Reached skill level 14 in Axes
   825 | D        | Received a gift from Trog
  1187 | D        | Noticed an elephant
  1187 | D        | Noticed a six-headed hydra
  1187 | D        | Noticed a spiny frog
  1187 | D        | Noticed a torpor snail
  1196 | D        | Killed an elephant
  1202 | D        | Killed a one-headed hydra
  1202 | D        | Reached skill level 1 in Stealth
  1204 | D        | Reached skill level 15 in Axes
  1210 | D        | Killed a spiny frog
  1218 | D        | Killed a torpor snail
  1220 | D        | Received a gift from Trog
  1410 | D        | Noticed a lindwurm
  1417 | D        | Noticed a lindwurm
  1431 | D        | Noticed a lindwurm
  1435 | D        | Killed a lindwurm
  1435 | D        | Reached XP level 11. HP: 80/80 MP: 11/11
  1442 | D        | Killed a lindwurm
  1442 | D        | Received a gift from Trog
  1442 | D        | Reached skill level 15 in Fighting
  1442 | D        | Reached skill level 16 in Axes
  1448 | D        | Killed a lindwurm
  1448 | D        | Reached skill level 10 in Armour
  1899 | D        | Noticed an orc knight
  1907 | D        | Killed an orc knight
  1926 | D        | Received a gift from Trog
  1932 | D        | Received a gift from Trog
  1942 | D        | Received a gift from Trog
  2048 | D        | Noticed an orc sorcerer
  2048 | D        | Paralysed by an orc sorcerer for 4 turns
  2053 | D        | Killed an orc sorcerer
  2067 | D        | Received a gift from Trog
  2081 | D        | Got a fine battleaxe {god gift}
  2082 | D        | Identified the +1 battleaxe "Feuri" {venom, *Noise +Blink rN+} (Trog gifted it to you in the Dungeon)
  2108 | D        | Found Tocoal's General Store.
  2108 | D        | Noticed an ogre mage
  2108 | D        | Noticed an ogre mage
  2108 | D        | Noticed an ogre mage
  2108 | D        | Noticed an ogre mage
  2109 | D        | Noticed a deep troll
  2114 | D        | Killed an ogre mage
  2115 | D        | Noticed a deep troll
  2119 | D        | Killed an ogre mage
  2119 | D        | Received a gift from Trog
  2119 | D        | Reached skill level 17 in Axes
  2120 | D        | Found Plog's Antique Armour Shoppe.
  2121 | D        | Noticed an ettin
  2123 | D        | Killed an ogre mage
  2124 | D        | Noticed a deep troll
  2127 | D        | Killed an ogre mage
  2131 | D        | Killed a deep troll
  2131 | D        | Received a gift from Trog
  2132 | D        | Found Echucze's Distillery.
  2142 | D        | Killed a deep troll
  2142 | D        | Reached XP level 12. HP: 85/90 MP: 9/12
  2144 | D        | Mangled by an ettin

Skill      XL: |  1  2  3  4  5  6  7  8  9 10 11 |
---------------+----------------------------------+-----
Axes           | 3 4 5 6 8 9 11 12 13 15 17 | 17.8
Fighting       | 4 5 6 7 9 11 12 13 14 16 | 16.7
Dodging        | 2 3 4 6 7 8 9 |  9.5
Armour         | 3 4 5 6 7 8 9 11 | 11.1
Stealth        | 2 3 |  3.5

Action                   |  1- 3 |  4- 6 |  7- 9 | 10-12 || total
-------------------------+-------+-------+-------+-------++-------
Melee: Hand axe          |    20 |       |       |       ||    20
       War axe           |       |    12 |    21 |    58 ||    91
       Battleaxe         |       |       |    17 |    80 ||    97
Invok: Berserk           |     1 |     1 |     2 |     4 ||     8
       Burn Spellbooks   |       |       |     1 |       ||     1
       Brothers in Arms  |       |       |       |     3 ||     3
  Eat: Chunk             |       |       |     2 |    10 ||    12
Armor: Animal skin       |     3 |       |       |       ||     3
       Ring mail         |       |       |    17 |    53 ||    70
Dodge: Dodged            |     8 |     8 |    18 |    79 ||   113
